 Dungeon Crawl Stone Soup version 0.18-a0-902-g8738618 (webtiles) character file.

12 Jmtri7 the Charlatan (level 2, -1/21 HPs)
             Began as a Formicid Artificer on Dec 25, 2015.
             Slain by Tezca's ghost (10 damage)
             ... in an ossuary.
             The game lasted 00:02:25 (129 turns).

Jmtri7 the Charlatan (Formicid Artificer)            Turns: 129, Time: 00:02:25

Health: -1/21      AC:  3    Str: 15    XL:     2   Next: 45%
Magic:  5/5        EV: 11    Int: 11    God:
Gold:   0          SH:  0    Dex: 11    Spells: 0 memorised, 1 level left

rFire  . . .     SeeInvis +     a - +0 short sword
rCold  . . .     Gourm    .     b - +0 leather armour
rNeg   . . .     Faith    .     (no shield)
rPois  .         Spirit   .     (helmet unavailable)
rElec  .         Dismiss  .     (no cloak)
rCorr  .         Reflect  .     (no gloves)
SustAt .         Harm     .     (no boots)
MR     .....                    (no amulet)
Stlth  +.........               (no ring)
                                g - ring of flight

@: marked, not resistant to hostile enchantments, very unstealthy
A: permanent stasis, dig shafts and tunnels, four strong arms, antennae 3
a: Dig, Shaft Self, Evoke Flight


You were in an ossuary.
You were not hungry.

You visited 1 branch of the dungeon, and saw 3 of its levels.
You also visited: Ossuary.

Inventory:

Hand Weapons
 a - a +0 short sword (weapon)
Armour
 b - a +0 leather armour (worn)
 j - a +0 ring mail
Jewellery
 g - a ring of flight (left hand)
Wands
 c - a wand of flame (15/48)
 d - a wand of enslavement (6/24)
 e - a wand of random effects (15/48)
Scrolls
 i - a scroll of enchant armour {unknown}
Comestibles
 f - a bread ration
 h - 2 fruits


   Skills:
 - Level 1.1 Fighting
 - Level 1.0 Short Blades
 - Level 1.7 Dodging
 - Level 1.2 Stealth
 + Level 4.1 Evocations


You had one spell level left.
You didn't know any spells.

Dungeon Overview and Level Annotations

Branches:
Dungeon (4/15)
 Temple: D:4-7

Altars:

Annotations:
Ossuary Tezca's ghost, amateur DrTm


Innate Abilities, Weirdness & Mutations

You are under a permanent stasis effect.
You can dig through walls and to a lower floor.
Your four strong arms can wield two-handed weapons with a shield.
You have a pair of large antennae on your head (SInv).


Message History

Found a scroll labeled JETUCICOPH and a scroll labeled YFIECOACEZ.
You see here a throwing net.
You struggle to escape the net.
You try to slip out of the net.
You struggle against the net.
You slip out of the net!
You hear a blaring wail to the southeast.
A large net falls onto you!
You become entangled in the net!
You see here a throwing net.
You struggle against the net.
You struggle to escape the net.
You struggle to escape the net.
You struggle against the net.
You slip out of the net!
Tezca's ghost is no longer charmed.
Found a gate leading back out of this place.
You closely miss Tezca's ghost.
Tezca's ghost is lightly damaged.
The mummy is no longer charmed.
Tezca's ghost hits you!
You die...

######## ###????#.# { {
{ { {##
#.....(#'#+#+#+#+#+#+#.
##........(.............
#..........^^...........
∩......@WM(.........(...
#...................^...
##......................
#......#+#+#+#+#+#+#+#.
###?!??#{ { { {## ######


You could see a mummy and Tezca's ghost.

Vanquished Creatures
  A mummy (Ossuary)
1 creature vanquished.

Vanquished Creatures (collateral kills)
  2 mummies (Ossuary)
2 creatures vanquished.

Vanquished Creatures (others)
  A hobgoblin zombie (Ossuary)
1 creature vanquished.

Grand Total: 4 creatures vanquished

Notes
Turn   | Place    | Note
--------------------------------------------------------------
     0 | D:1      | Jmtri7 the Formicid Artificer began the quest for the Orb.
     0 | D:1      | Reached XP level 1. HP: 15/15 MP: 3/3
    16 | D:1      | You fall through a shaft!
    33 | D:2      | You fall through a shaft for 2 floors!
    49 | D:4      | Found a sand-covered staircase.
    59 | Ossuary  | Entered an ossuary
    68 | Ossuary  | Reached XP level 2. HP: 21/21 MP: 4/4
    85 | Ossuary  | Noticed Tezca's ghost (amateur DrTm)
   102 | Ossuary  | Reached skill level 4 in Evocations
   129 | Ossuary  | Slain by Tezca's ghost

Vault maps used:
D:1:      saegor_arrival_simple_c
D:2:      kennysheep_goblin_castle, corexii_hall_statues_s, uniq_sigmund,
          uniq_robin
D:4:      first_bread, lightli_ossuary_entry_decrepit_ruins, uniq_natasha
Ossuary:  ossuary_the_hunt_dpeg

Action                   || total
-------------------------++-------
Melee: Short sword       ||     5
 Abil: Shaft Self        ||     2
Evoke: Wand              ||     9
